Map: Acid Plant LE

Players

PurpleSnow - Winner!

  • Race: Protoss Protoss
  • League: Platinum
  • Spawn Location: 5:00

TheReaper

  • Race: Zerg Zerg
  • League: Platinum
  • Spawn Location: 11:00

VOD

Have the link to the VOD?

Description

Time

  • Played on: Sept. 21, 2018, 12:19 p.m.
  • Length: 5:25
Show
View Real Time Build Order
Export as new Build Order

PurpleSnow Protoss - Winner!

Build Orders:  

Get SALT Encoding   

  12  0:00  Probe  
  13  0:13  Probe  
  14  0:20  Pylon  
  14  0:25  Probe  
  15  0:38  Probe  
  15  0:41  Forge  
  16  0:51  Gateway  
  16  0:57  Probe  
  16  1:02  Assimilator  
  17  1:10  Probe  
  18  1:22  Probe  
  18  1:25  Photon Cannon  
  19  1:27  Pylon  
  19  1:38  Pylon  
  19  1:46  Photon Cannon  
  19  2:08  Zealot  
  19  2:09  Cybernetics Core  
  19  2:11  Probe  
  19  2:15  Assimilator  
  22  2:23  Probe  
  23  2:32  Photon Cannon  
  23  2:34  Photon Cannon  
  23  2:42  Probe  
  24  2:49  Robotics Facility  
  24  2:57  Shield Battery  
  24  3:08  Photon Cannon  
  24  3:13  Shield Battery  
  24  3:23  Photon Cannon  
  24  3:30  Immortal, Shield Battery  
  28  3:50  Shield Battery  
  28  4:00  Immortal  
  28  4:01  Shield Battery  
  32  4:29  Photon Cannon  
  32  4:34  Photon Cannon  
  32  4:43  Immortal  
  36  5:19  Pylon  
Show
View Real Time Build Order
Export as new Build Order

TheReaper Zerg 

Build Orders: Hatch First 

Get SALT Encoding   

  12  0:01  Drone  
  13  0:13  Overlord  
  13  0:16  Drone  
  14  0:31  Drone x2  
  14  0:35  Drone  
  17  0:54  Hatchery  
  16  0:58  Drone  
  16  1:00  Drone  
  16  1:04  Extractor  
  17  1:07  Drone  
  18  1:20  Spawning Pool  
  18  1:25  Drone  
  18  2:12  Roach Warren  
  18  2:13  Drone x4  
  19  2:25  Drone x2  
  21  2:32  Queen  
  23  2:37  Queen  
  25  2:54  Extractor, Roach  
  25  2:55  Roach  
  25  2:56  Overlord  
  28  3:20  Ravager x2  
  30  3:28  Roach x2  
  34  3:47  Zergling x4  
  36  3:50  Overlord x3  
  36  4:08  Roach x2  
  36  4:09  Roach  
  42  4:13  Drone  
  42  4:14  Drone x2  
  45  4:30  Ravager  
Tags
 
Add a new tag
Caveats
  • Supply blocks, unpowered buildings, or Contaminate may cause inaccurate times.
  • Supply counts are checked every 10 seconds.